AoeStats
← jeremias723

African Clearing

506191749Analyzed
4v4 RM · 19d ago on Sep 12, 2026· 24m 37s· 8 players
Game mode
Random Map
Map size
Large (8 player)
Population
200
Speed
Normal
Resources
Standard
Victory
Conquest
Starting age
Dark Age
Ending age
Imperial Age
RankedLock teamsTeams togetherTeam positionsShared explorationLock speedFull tech treeHidden civsTurbo modeCheats
Victory
Defeat
🇬🇧 Koreans · United Kingdom
1407
+12
🇦🇷 Maya · Argentina
1383
+13
🇹🇷 Mongols · Türkiye
1370
+13
🇬🇧 Mapuche · United Kingdom
1320
+15
🇧🇷 Maya · Brazil
1376
-17
🇧🇷 Koreans · Brazil
1340
-14
🇧🇷 Spanish · Brazil
1335
-14
🇧🇷 Franks · Brazil
1174
-8
Lothwen
10:57 Feudal Age
9:24 Loom
12:33 Double-Bit Axe
19:15 Castle Age
18:25 Scale Barding Armor
19:22 Forging
Based Lettuce
12:22 Feudal Age
10:40 Loom
13:49 Double-Bit Axe
18:31 Fletching
20:04 Horse Collar
22:44 Castle Age
23:56 Crossbowman
24:41 Thumb Ring
Advanced Farming Research Centre
3:36 Loom
14:08 Feudal Age
18:00 Castle Age
18:56 Fletching
jeremias723
5:50 Loom
12:17 Feudal Age
17:01 Castle Age
15:21 Double-Bit Axe
16:41 Wheelbarrow
25:02 Hand Cart
Dudu
4:20 Loom
13:27 Feudal Age
14:59 Double-Bit Axe
19:09 Castle Age
Panico-Bento
11:41 Loom
13:27 Feudal Age
21:35 Castle Age
19:45 Double-Bit Axe
21:10 Gold Mining
Guii
5:59 Loom
12:19 Feudal Age
16:01 Double-Bit Axe
15:57 Horse Collar
22:14 Castle Age
incolor
13:10 Feudal Age
14:30 Loom
19:02 Castle Age
20:43 Double-Bit Axe
22:31 Bow Saw
Connection lost

Rejoining the realm…

Still unreachable

The connection could not be restored.

Session expired

The server has moved on; the page needs a fresh start.